 Dungeon Crawl Stone Soup version 0.18.1-6-gd335043 (webtiles) character file.

288 mopl the Sneak (level 6, -3/42 HPs)
             Began as a Vampire Transmuter on May 17, 2016.
             Was an Initiate of Kikubaaqudgha.
             Slain by a worker ant (8 damage)
             ... on level 5 of the Dungeon.
             The game lasted 00:08:46 (4261 turns).

mopl the Sneak (Vampire Transmuter)                 Turns: 4261, Time: 00:08:47

Health: -3/42      AC:  5    Str:  9    XL:     6   Next: 9%
Magic:  0/9        EV: 11    Int: 15    God:    Kikubaaqudgha [......]
Gold:   98         SH:  0    Dex: 17    Spells: 2 memorised, 6 levels left

rFire  . . .     SeeInvis +     a - +0 rapier
rCold  + + .     Gourm    .     l - +0 robe
rNeg   + + +     Faith    .     (no shield)
rPois  +         Spirit   .     p - +0 helmet
rElec  .         Dismiss  .     (no cloak)
rCorr  .         Reflect  .     i - +1 pair of gloves
SustAt +         Harm     .     (no boots)
MR     .....                    s - amulet of magic regeneration
Stlth  +++.......               o - ring of sustain attributes
                                n - ring of flight

@: regenerating slowly, very heavily drained, not resistant to hostile
enchantments, fairly stealthy
A: fangs 3, see invisible, unbreathing
a: Bat Form, Renounce Religion, Evoke Flight


You were on level 5 of the Dungeon.
You worshipped Kikubaaqudgha.
Kikubaaqudgha was noncommittal.
You were near bloodless.

You visited 2 branches of the dungeon, and saw 7 of its levels.

You collected 98 gold pieces.

Inventory:

Hand Weapons
 a - a +0 rapier (weapon)
 f - a +0 spear
 h - a +0 dagger
Missiles
 x - 42 arrows
 y - 11 tomahawks (quivered)
 z - 7 poisoned needles
Armour
 b - a +0 robe
 i - a +1 pair of gloves (worn)
 l - a +0 robe (worn)
 m - a +2 hat
 p - a +0 helmet (worn)
Jewellery
 n - a ring of flight (left hand)
 o - a ring of sustain attributes (right hand)
 s - an amulet of magic regeneration (around neck)
Scrolls
 e - a scroll of teleportation
 g - 6 scrolls of identify
 j - a scroll of noise {unknown}
 k - 2 scrolls of magic mapping {unknown}
 q - a scroll of remove curse
 r - a scroll of recharging {unknown}
 t - a scroll of amnesia {unknown}
 u - a scroll of random uselessness {unknown}
 v - a scroll of fear {unknown}
Potions
 d - 17 potions of blood
 w - a potion of might
Books
 c - a book of Changes

   Spells                             Type                      Level
   a - Beastly Appendage              Transmutation                1
   b - Sticks to Snakes               Transmutation                2
   c - Spider Form                    Transmutation/Poison         3
   d - Ice Form                       Ice/Transmutation            4
   e - Blade Hands                    Transmutation                5


   Skills:
 - Level 0.8(0.0) Fighting
 + Level 3.4(0.0) Short Blades
 - Level 2.1(0.0) Dodging
 * Level 7.9(4.0) Stealth
 - Level 3.2(0.0) Unarmed Combat
 - Level 2.0(0.0) Spellcasting
 - Level 2.1(0.0) Transmutations


You had 6 spell levels left.
You knew the following spells:

 Your Spells              Type           Power        Failure   Level  Hunger
a - Beastly Appendage     Trmt           #.....       28%         1    ##.....
w - Sticks to Snakes      Trmt           #.......     38%         2    ###....


Dungeon Overview and Level Annotations

Branches:
Dungeon (6/15)             Temple (1/1) D:4

Altars:
Ashenzari
Cheibriados
Dithmenos
Kikubaaqudgha
Makhleb
Nemelex Xobeh
Pakellas
Ru
Sif Muna
Trog
Vehumet
The Shining One

Annotations:
D:3 Grinder
D:4 Edmund, Natasha, Pikel


Innate Abilities, Weirdness & Mutations

You heal slowly.
You have razor-sharp teeth.
You have supernaturally acute eyesight.
You can survive without breathing.


Message History

s - a dented ruby amulet The worker ant waves its antennae.
The worker ant bites you. The worker ant barely misses you.
Put on which piece of jewellery? (? for menu, Esc to quit)
The amulet feels cold and inert.
s - an amulet of magic regeneration (around neck)
You barely miss the worker ant. The worker ant barely misses you. x2
You closely miss the worker ant. The worker ant bites you.
* * * LOW HITPOINT WARNING * * *
You closely miss the worker ant. The worker ant barely misses you.
The worker ant bites you.
* * * LOW HITPOINT WARNING * * *
The worker ant bites you.
* * * LOW HITPOINT WARNING * * *
The helpless worker ant fails to defend itself.
You puncture the worker ant!
The worker ant is severely wounded.
The worker ant bites you!
You die...
Kikubaaqudgha rasps: "You have failed me!
Welcome... oblivion!"

########## #........#
#....<...# #.$......#
########
#..(.$...#######.a....#
#...............@.....###
.......(........a........
#........########.######
#........# #...#
#........######.###
#####.........Z.#
#)...######### #.##.# #.
#..


You could see 2 worker ants.

Vanquished Creatures
  A giant frog (D:6)
  An orc priest (Temple)
  2 orc wizards
  Robin (D:1)
  2 adders
  3 dart slugs
  2 giant geckos
  7 orcs
  A ball python (D:2)
  8 bats
  3 giant cockroaches
  23 goblins
  3 hobgoblins
  6 jackals
  9 kobolds
  4 quokkas
  6 giant newts
  4 rats
86 creatures vanquished.

Vanquished Creatures (collateral kills)
  A gnoll (D:1)
  An adder (D:1)
  3 jackals (D:1)
5 creatures vanquished.

Grand Total: 91 creatures vanquished

Notes
Turn   | Place    | Note
--------------------------------------------------------------
     0 | D:1      | mopl the Vampire Transmuter began the quest for the Orb.
     0 | D:1      | Reached XP level 1. HP: 14/14 MP: 3/3
    66 | D:1      | Reached skill level 1 in Stealth
   178 | D:1      | Reached skill level 2 in Stealth
   303 | D:1      | Reached XP level 2. HP: 17/20 MP: 5/5
   316 | D:1      | Learned a level 2 spell: Sticks to Snakes
   410 | D:1      | Reached skill level 1 in Short Blades
   410 | D:1      | Reached skill level 3 in Stealth
   585 | D:1      | Reached XP level 3. HP: 15/25 MP: 3/6
   709 | D:1      | Reached skill level 4 in Stealth
  1097 | D:2      | Found a faded altar to an unknown god.
  1100 | D:2      | Became a worshipper of Ashenzari the Shackled
  1100 | D:2      | Reached * piety under Ashenzari
  1100 | D:2      | Fell from the grace of Ashenzari
  1193 | D:2      | Found an oddly glowing altar of Pakellas.
  1235 | D:2      | Became a worshipper of Pakellas the Inventive
  1236 | D:2      | Fell from the grace of Pakellas
  1271 | D:2      | Reached skill level 2 in Short Blades
  1290 | D:2      | Noticed Robin
  1533 | D:2      | Reached XP level 4. HP: 26/31 MP: 7/7
  1550 | D:1      | Killed Robin
  1550 | D:1      | Reached skill level 5 in Stealth
  2117 | D:2      | Found a sacrificial altar of Ru.
  2439 | D:3      | Was forgiven by Ashenzari
  2439 | D:3      | Reached skill level 6 in Stealth
  2439 | D:3      | Reached XP level 5. HP: 30/36 MP: 8/8
  2609 | D:3      | Noticed Grinder
  2613 | D:3      | Paralysed by Grinder for 2 turns
  2794 | D:4      | Noticed Natasha
  2927 | D:4      | Found a staircase to the Ecumenical Temple.
  2937 | Temple   | Entered the Ecumenical Temple
  3073 | Temple   | Became a worshipper of Kikubaaqudgha
  3504 | Temple   | Reached skill level 3 in Short Blades
  3504 | Temple   | Reached skill level 7 in Stealth
  4053 | D:4      | Noticed Edmund
  4090 | D:4      | Noticed a slave
  4091 | D:4      | Noticed Pikel
  4091 | D:4      | Noticed a slave
  4091 | D:4      | Noticed a slave
  4151 | D:5      | Entered Level 5 of the Dungeon
  4172 | D:5      | Noticed a phantom
  4207 | D:6      | Reached XP level 6. HP: 34/42 MP: 0/9
  4261 | D:5      | Slain by a worker ant

Skill      XL: |  1  2  3  4  5 |
---------------+----------------+-----
Stealth        | 2 3 4 6 7 |  7.9
Short Blades   | 1 2 3 |  3.4
Fighting       | |  0.8
Dodging        | |  2.1
Unarmed Combat | |  3.2
Spellcasting   | |  2.0
Transmutations | |  2.1

Action                   |  1- 3 |  4- 6 || total
-------------------------+-------+-------++-------
Melee: Spear             |   136 |   143 ||   279
       Unarmed           |    13 |       ||    13
       Bite              |    12 |    17 ||    29
       Rapier            |       |    64 ||    64
 Cast: Sticks to Snakes  |     5 |       ||     5
Invok: Renounce Religion |     2 |       ||     2
  Use: Potion            |     1 |     3 ||     4
       Scroll            |       |     4 ||     4
 Stab: Sleeping          |     6 |     7 ||    13
Armor: Robe              |    32 |    64 ||    96
Dodge: Dodged            |    75 |   125 ||   200
